 Dungeon Crawl Stone Soup version 0.27-a0-1502-g47ed6a6988 (webtiles) character file.

Game seed: 2465789911351375536

30 lunkers the Insei (level 3, 0/28 HPs)
             Began as a Djinni Warper on July 8, 2021.
             Slain by a gnoll (1 damage)
             ... on level 2 of the Dungeon.
             The game lasted 00:01:35 (1588 turns).

lunkers the Insei (Djinni Warper)                   Turns: 1588, Time: 00:01:35

Health: 0/28       AC:  6    Str: 11    XL:     3   Next: 37%
Gold:   57         EV:  9    Int: 14    God:
                   SH:  5    Dex: 12

rFire    + + .     SeeInvis .     - Unarmed
rCold    x . .     Faith    .   g - +2 buckler
rNeg     . . .     Spirit   .   i - +0 ring mail
rPois    ∞         Reflect  .   (no helmet)
rElec    .         Harm     .   (no cloak)
rCorr    .         Rampage  .   j - +0 pair of gloves
Will     +....                  (boots unavailable)
Stlth    +.........             (no amulet)
HPRegen  0.09/turn              h - ring of willpower
MPRegen  0.00/turn              (no ring)

@: flying, very slightly contaminated
A: sickness immunity, fire resistance 2, cold vulnerability 1, float, innate
caster, hp casting, extra vitality 1
a: no special abilities


You were on level 2 of the Dungeon.
You visited 1 branch of the dungeon, and saw 2 of its levels.

You collected 57 gold pieces.

Inventory:

Missiles
 c - 5 boomerangs of dispersal
Armour
 a - a +0 leather armour
 g - a +2 buckler (worn)
 i - a +0 ring mail (worn)
 j - a +0 pair of gloves (worn)
Jewellery
 h - a ring of willpower (left hand)
Scrolls
 b - a scroll of blinking
 d - a scroll of magic mapping {unknown}
 k - a scroll of identify {unknown}
Potions
 e - a potion of resistance {unknown}
 f - a potion of degeneration {unknown}


   Skills:
 - Level 2.0 Fighting
 - Level 0.7 Throwing
 - Level 1.0 Armour
 - Level 2.1 Dodging
 * Level 3.1 Unarmed Combat
 + Level 2.7 Spellcasting


You couldn't memorise any spells.
You knew the following spells:

 Your Spells              Type           Power      Damage    Failure   Level
a - Freeze                Ice            36%        1d6       28%         1
b - Lesser Beckoning      Tloc           4%         N/A       65%         3
c - Gell's Gravitas       Tloc           4%         N/A       65%         3
d - Teleport Other        Tloc           9%         N/A       65%         3
e - Manifold Assault      Tloc           9%         N/A       100%        5
p - Blink                 Tloc           N/A        N/A       41%         2
Your spell library was empty.

Dungeon Overview and Level Annotations

Branches:
Dungeon (2/15)

Altars:

Shops:
D:1 =


Innate Abilities, Weirdness & Mutations

You are immune to sickness and miasma.
You are immune to poison.
Your flesh is very heat resistant. (rF++)
You are vulnerable to cold. (rC-)
You float through the air rather than walking.
You learn spells naturally, not from books.
Your magical power is your life essence.
You have superior vitality. (+4 HP)


Message History

h - a ring of willpower (left hand)
Casting: Freeze (safe; 28% risk of failure)
Confirm with . or Enter, or press ? or * to list all spells.
Okay, then.
The gnoll hits you from afar with a +0 halberd!
The gnoll barely misses you.
Casting: Freeze (safe; 28% risk of failure)
Confirm with . or Enter, or press ? or * to list all spells.
Aiming: Freeze (safe; 28% risk of failure)
Press: ? - help, Shift-Dir - straight line, f - gnoll
Aim: a gnoll, wielding a +0 halberd You miscast Freeze.
You are very lightly contaminated with residual magic.
Nothing appears to happen.
The gnoll barely misses you.
Casting: Freeze (safe; 28% risk of failure)
Confirm with . or Enter, or press ? or * to list all spells.
Aiming: Freeze (safe; 28% risk of failure)
Press: ? - help, Shift-Dir - straight line, f/p - gnoll
Aim: a gnoll, wielding a +0 halberd You freeze the gnoll.
The gnoll is moderately wounded.
* * * LOW HITPOINT WARNING * * *
The gnoll hits you with a +0 halberd!
* * * LOW HITPOINT WARNING * * *
Casting: Freeze (safe; 28% risk of failure)
Confirm with . or Enter, or press ? or * to list all spells.
Aiming: Freeze (safe; 28% risk of failure)
Press: ? - help, Shift-Dir - straight line, f/p - gnoll
Aim: a gnoll, wielding a +0 halberd (moderately wounded)
You freeze the gnoll.
The gnoll is moderately wounded.
* * * LOW HITPOINT WARNING * * *
The gnoll hits you with a +0 halberd.
* * * LOW HITPOINT WARNING * * *
Unknown command.
The gnoll hits you from afar with a +0 halberd.
* * * LOW HITPOINT WARNING * * *
There is a stone staircase leading up here.
The gnoll hits you from afar with a +0 halberd.
You die...

....# .....# ......#
####......# . ....
....# .. ##.# ... ..
###..###.#
#.#####....g.@.##
#...............#
####................
##..###...##.#####
######..## ##....<#
........# #.##..#
##....### #.# ..#
...........#..⌠ ..#
..########..... ...


You could see a gnoll.

Vanquished Creatures
  A gnoll (D:1)
  A dart slug (D:1)
  An orc (D:1)
  2 endoplasms
  2 giant cockroaches
  4 jackals (D:1)
  A quokka (D:1)
  A ball python (D:2)
  A bat (D:1)
  A frilled lizard (D:1)
  2 kobolds (D:1)
17 creatures vanquished.

Notes
Turn   | Place    | Note
-------+----------+-------------------------------------------
     0 | D:1      | lunkers the Djinni Warper began the quest for the Orb.
     0 | D:1      | Reached XP level 1. HP: 18/18 MP: 0/0
   141 | D:1      | Reached XP level 2. HP: 20/23 MP: 0/0
   458 | D:1      | Found Piataf Vuda's Jewellery Boutique.
  1044 | D:1      | Reached XP level 3. HP: 8/28 MP: 0/0
  1044 | D:1      | Learned a level 1 spell: Freeze
  1338 | D:1      | Reached skill level 3 in Unarmed Combat
  1586 | D:2      | HP: 1/28 [gnoll (3)]
  1588 | D:2      | Slain by a gnoll

Illustrated notes

Levels and vault maps discovered:
D:1:      noname_arrival_rooms_in_the_neighbourhood, layout_loops_cross,
          serial_shops, nicolae_shop_statue_plus,
          corexii_item_surrounded_by_moat
D:2:      layout_rooms, basic_altar, ebering_ecumenical_altar_abandoned,
          uniq_crazy_yiuf_cottage

Skill      XL: |  1  2  3 |
---------------+----------+-----
Unarmed Combat | 3 |  3.1
Fighting       | |  2.0
Throwing       | |  0.7
Armour         | |  1.0
Dodging        | |  2.1
Spellcasting   | |  2.7

Action                   || total
-------------------------++-------
Melee: Unarmed           ||    89
 Cast: Freeze            ||     4
Armor: Leather armour    ||     8
       Ring mail         ||    39
Dodge: Dodged            ||    68
Block: Buckler           ||    22

Table legend: (Time is in decaauts)
 A = Elapsed time spent in this place.
 B = Non-inter-level travel time spent in this place.
 C = Inter-level travel time spent in this place.
 D = Time resting spent in this place.
 E = Time spent auto-exploring this place.
 F = Levels seen in this place.
 G = Mean time per level.
                   A        B        C        D        E       F      G
               +--------+--------+--------+--------+--------+-----+--------+
         Total |   1589 |   1459 |    130 |    434 |    778 |   2 |  794.5 |
       Dungeon |   1589 |   1459 |    130 |    434 |    778 |   2 |  794.5 |
               +--------+--------+--------+--------+--------+-----+--------+

Top non-repeatable levels by time:
     D:1: 1533 daAuts
     D:2: 56 daAuts
